 Dungeon Crawl Stone Soup version 0.29.1-12-g30fa7ad0bf (webtiles) character file.

Game seed: 15178106484915211334

46 hawla the Firebug (level 4, -1/33 HPs)
             Began as a Meteoran Fire Elementalist on Jan 10, 2023.
             Slain by a gnoll
             ... wielding a +0 whip
              (6 damage)
             ... on level 4 of the Dungeon.
             The game lasted 00:02:38 (242 turns).

hawla the Firebug (Meteoran Fire Elementalist)       Turns: 242, Time: 00:02:38

Health: -1/33      AC:  2    Str: 10    XL:     4   Next: 15%
Magic:  4/10       EV: 12    Int: 18    God:
Gold:   42         SH:  0    Dex: 14    Spells: 7/10 levels left

rFire   . . .      SeeInvis .   (no weapon)
rCold   . . .      Faith    .   (no shield)
rNeg    . . .      Spirit   .   a - +0 robe
rPois   .          Reflect  .   (no helmet)
rElec   .          Harm     .   (no cloak)
rCorr   .          Rampage  .   (no gloves)
Will    .....                   (no boots)
Stlth   +.........              (no amulet)
HPRegen 0.11/turn               (no ring)
MPRegen 0.12/turn               (no ring)

@: glowing
A: sense surroundings 1, otherworldly, glowing, explore regen
a: no special abilities


You were on level 4 of the Dungeon.
You visited 1 branch of the dungeon, and saw 4 of its levels.

You collected 42 gold pieces.

Inventory:

Armour
 a - a +0 robe (worn)
Scrolls
 c - a scroll of poison {unknown}
 d - a scroll of identify {unknown}


   Skills:
 + Level 0.1 Fighting
 + Level 2.6 Dodging
 - Level 1.4 Stealth
 + Level 3.6 Spellcasting
 + Level 1.5 Conjurations
 + Level 4.6 Fire Magic


You had 7 spell levels left.
You knew the following spells:

 Your Spells              Type           Power      Damage    Failure   Level
a - Foxfire               Conj/Fire      56%        2x1d6     4%          1
b - Scorch                Fire           38%        2d6       3%          2

Your spell library contained the following spells:

 Spells                   Type           Power      Damage    Failure   Level
 Conjure Flame            Conj/Fire      14%        6-21      13%         3
 Inner Flame              Hex/Fire       11%        N/A       19%         3
 Flame Wave               Conj/Fire      14%        2d6       38%         4


Dungeon Overview and Level Annotations

Branches:
Dungeon (4/15) Zot: 2156
 Temple: D:4-7

Altars:

Shops:
D:3 [


Innate Abilities, Weirdness & Mutations

You passively map a small area around you.
You are easily found by Zot.
You glow in the dark.
You regain HP and MP as you explore.


Message History

You have reached level 4!
Casting: Foxfire (safe; 4% risk of failure)
Confirm with . or Enter, or press ? or * to list all spells.
You conjure some foxfire!
You hit the gnoll.
The gnoll is lightly wounded.
The foxfire hits the gnoll.
The gnoll is moderately wounded.
The foxfire hits the gnoll but does no damage.
The gnoll is moderately wounded.
A gnoll comes into view. It is wielding a +0 club.
The gnoll closely misses you. Magic courses through your body.
The adder bites you. The gnoll hits you with a +0 whip. The adder bites you.
Casting: Foxfire (safe; 4% risk of failure)
Confirm with . or Enter, or press ? or * to list all spells.
Flames lash the gnoll but do no damage.
The adder bites you but does no damage. The gnoll hits you with a +0 whip.
Casting: Scorch (safe; 3% risk of failure)
Confirm with . or Enter, or press ? or * to list all spells.
You conjure some foxfire!
The adder bites you. The gnoll hits you with a +0 whip.
A gnoll comes into view. It is wielding a +0 club.
Casting: Foxfire (safe; 4% risk of failure)
Confirm with . or Enter, or press ? or * to list all spells.
Flames lash the adder.
The adder is heavily wounded.
The adder's fire resistance burns away.
The foxfire hits the adder.
The adder is burned terribly!
The adder is almost dead.
The foxfire hits the gnoll.
The gnoll is severely wounded.
The adder barely misses you. The gnoll hits you with a +0 whip.
* * * LOW HITPOINT WARNING * * *
Your magical contamination has completely faded away.
Casting: Scorch (safe; 3% risk of failure)
Confirm with . or Enter, or press ? or * to list all spells.
You conjure some foxfire!
The adder closely misses you. The gnoll hits you with a +0 whip.
You die...

#.## .. , #..#
##.......## #..#
#.........#*
########..###...g.....##
,,
.......)................
########.#.##.........#.
# #.#.##...g....... *
#.#..##?.gv...#
#.##.###.@S..#.. *
#.##..#..v.......*
**###.###.#.####.#.#.
###, ...........##*,.. ,
≈≈# ..#.###.....## ,## *
###, ,, #.......# ..#
,*, *#......## +* * ,
### #......# , ##.....#~
, ,,


You could see 3 gnolls and an adder (combustible, ally target).

Vanquished Creatures
  A hound (D:4)
  A dart slug (D:3)
  3 orcs (D:4)
  A ball python (D:3)
  A goblin (D:3)
  A hobgoblin (D:4)
  A kobold (D:1)
  A quokka (D:4)
  A rat (D:2)
11 creatures vanquished.

Vanquished Creatures (others)
  34 foxfires
34 creatures vanquished.

Grand Total: 45 creatures vanquished

Notes
Turn   | Place    | Note
-------+----------+-------------------------------------------
     0 | D:1      | hawla the Meteoran Fire Elementalist began the quest for
                  | the Orb.
     0 | D:1      | Reached XP level 1. HP: 14/14 MP: 5/5
   108 | D:3      | Reached XP level 2. HP: 20/20 MP: 3/6
   111 | D:3      | Learned a level 2 spell: Scorch
   119 | D:3      | Reached skill level 4 in Fire Magic
   136 | D:3      | Found Zimer's Armour Shop.
   211 | D:4      | Reached XP level 3. HP: 21/26 MP: 1/8
   236 | D:4      | Reached XP level 4. HP: 24/33 MP: 1/10
   242 | D:4      | Slain by a gnoll

Illustrated notes

Levels and vault maps discovered:
D:1:      dpeg_arrival_radiant, layout_loops_cross, roderic_serpentine_path
D:2:      layout_basic, serial_shops, nicolae_shop_crystal,
          chequers_ecumenical_altar_simple_redux, minmay_hexomino_f4
D:3:      layout_loops_cross, mainiacjoe_overflow_tiny_flanked,
          nicolae_qazlal_scattered_showers, serial_shops, shop, uniq_jessica,
          uniq_terence, uniq_crazy_yiuf_cottage
D:4:      layout_rooms, eat_drink_and_be_merry_uskayaw, serial_rivers,
          chequers_serial_rivers_room_b, chequers_serial_rivers_micro_a,
          chequers_serial_rivers_micro_d, chequers_serial_rivers_micro_c

Skill      XL: |  1  2 |
---------------+-------+-----
Fire Magic     | 4 |  4.6
Spellcasting   | 3 |  3.6
Fighting       | |  0.1
Dodging        | |  2.6
Stealth        | |  1.4
Conjurations   | |  1.5

Action                   |  1- 3 |  4- 6 || total
-------------------------+-------+-------++-------
Melee: Unarmed           |     5 |     1 ||     6
 Cast: Foxfire           |    18 |     3 ||    21
       Scorch            |     3 |     2 ||     5
  Use: Potion            |       |     1 ||     1
Armor: Robe              |     1 |     1 ||     2
Dodge: Dodged            |     8 |     3 ||    11
